 Dungeon Sprint DCSS version 0.31-a0-4-gefa6de2278 (webtiles) character file.

Game seed: 2509201626332138361

811 Darkkill the Nimble (level 8, 0/102 (108) HPs)
             Began as a Human Monk on May 4, 2023.
             Was an Initiate of Gozag.
             Killed from afar by Josephine (27 damage)
             ... with a ghostly fireball
             ... in the Dungeon (Sprint VII: "The Pits").
             The game lasted 00:03:18 (649 turns).

Darkkill the Nimble (Human Monk)                     Turns: 649, Time: 00:03:19

HP:   0/102 (108)   AC:  9    Str: 13    XL:     8   Next: 15%
MP:   8/8           EV: 13    Int: 12    God:    Gozag
Gold: 205           SH:  0    Dex: 15    Spells: 7/7 levels left

rFire   . . .        o - +0 trident (heavy)
rCold   . . .        d - orb {light}
rNeg    . . .        p - +3 scale mail
rPois   .            (no helmet)
rElec   .            (no cloak)
rCorr   .            (no gloves)
SInv    .            (no boots)
Will    .....        (no amulet) Stlth
                     (no ring)
HPRegen 0.37/turn    (no ring)
MPRegen 0.11/turn

%: no teleportation
@: berserking (expiring), gold aura, glowing, drained, very quick
A: no striking features
a: Renounce Religion, Potion Petition, Call Merchant, Bribe Branch


You were in the Dungeon.
You worshipped Gozag.
Gozag was aware of your devotion.
You visited 1 branch You collected 1242 gold pieces.
You spent 486 gold pieces at shops.
You paid 551 gold pieces to Gozag.

Inventory:

Hand Weapons
 k - a +3 lajatang of venom
 o - a +0 heavy trident (weapon)
Missiles
 l - 10 stones (quivered)
Armour
 d - an orb of light (worn)
 p - a +3 scale mail (worn)
Wands
 b - a wand of flame (23)
Scrolls
 j - a scroll of blinking
 m - 5 scrolls of amnesia
 n - a scroll of butterflies
Potions
 a - 2 potions of invisibility
 c - a potion of ambrosia
 e - 6 potions of curing {@q1}
 f - 6 potions of heal wounds
 g - a potion of haste
 h - 4 potions of magic
 i - a potion of berserk rage


   Skills:
 + Level 10.2 Fighting
 + Level 10.2 Long Blades
 + Level 10.3 Dodging


You had 7 spell levels left.
You didn't know any spells.
Your spell library was empty.

Dungeon Overview and Level Annotations

Branches:
Dungeon (1/1)

Altars:
Ashenzari
Cheibriados
Dithmenos
Elyvilon
Fedhas
Gozag
Hepliaklqana
Kikubaaqudgha
Makhleb
Nemelex Xobeh
Okawaru
Qazlal
Ru
Sif Muna
Trog
Uskayaw
Vehumet
Wu Jian
Xom
Yredelemnul
Zin
The Shining One
Jiyva
Lugonu

Shops:
D (

Annotations:
D Josephine


Message History

The water moccasin is lightly wounded.
The water moccasin barely misses you. x2; The water moccasin misses you.
You hit the water moccasin.
The water moccasin is moderately wounded.
The water moccasin bites you but does no damage. x2
You puncture the water moccasin!
The water moccasin is almost dead.
The water moccasin barely misses you. The water moccasin misses you.
The water moccasin closely misses you.
You closely miss the water moccasin.
The water moccasin is almost dead.
The water moccasin bites you but does no damage. x2
The water moccasin completely misses you.
You puncture the water moccasin!
You kill the water moccasin!
Your Fighting skill increases to level 10!
Your Long Blades skill increases to level 10!
You have reached level 8!
You feel clever.
You now have 592 gold pieces (gained 135).
You now have 691 gold pieces (gained 99).
There is an open door, spattered with blood here.
There is an open door here.
There is an open door here.
There is an entrance to Kipsad's Antique Weapon Emporium here.
You no longer have enough gold to petition Gozag for potion effects.
k - a +3 lajatang of venom Thank you for shopping at Kipsad's Antique Weapon Emporium!
There is an open door here.
You can't wield that with only one hand.
There is an open door here.
You open the door.
A white imp, Josephine, 3 wraiths and a five-headed hydra come into view.
Josephine shouts!
The five-headed hydra roars!
There is an open door here.
The wraith attacks as you move away! The wraith hits you.
The wraith drains your vigour!
You feel yourself slow down.
A red film seems to cover your vision as you go berserk!
You feel yourself moving faster!
You feel mighty! The wraith hits you. The wraith hits you but does no damage.
You hit the wraith.
The wraith is lightly damaged.
The five-headed hydra barely misses you.
The five-headed hydra bites you but does no damage.
The five-headed hydra bites you.
The five-headed hydra bites you but does no damage.
The five-headed hydra bites you!
You puncture the five-headed hydra!
The five-headed hydra is lightly wounded.
You feel yourself speed up.
The five-headed hydra bites you but does no damage.
The five-headed hydra bites you. x2
The five-headed hydra barely misses you.
The five-headed hydra closely misses you.
The five-headed hydra bites you but does no damage. x3
The five-headed hydra completely misses you.
The five-headed hydra bites you but does no damage.
You impale the five-headed hydra!!
The five-headed hydra is moderately wounded.
The five-headed hydra closely misses you.
The five-headed hydra bites you! The five-headed hydra bites you.
The five-headed hydra misses you.
The five-headed hydra bites you but does no damage.
You impale the five-headed hydra!!
The five-headed hydra is heavily wounded.
The five-headed hydra bites you but does no damage.
The five-headed hydra bites you!
The five-headed hydra barely misses you. x2
The five-headed hydra closely misses you.
You puncture the five-headed hydra!
The five-headed hydra is severely wounded.
The five-headed hydra barely misses you.
The five-headed hydra misses you.
The five-headed hydra bites you but does no damage.
The five-headed hydra bites you.
The five-headed hydra closely misses you.
Josephine drinks a potion.
Josephine seems to grow stronger.
The five-headed hydra bites you but does no damage. x2
The five-headed hydra completely misses you.
The five-headed hydra bites you!
The five-headed hydra bites you but does no damage.
You puncture the five-headed hydra!
The five-headed hydra is severely wounded.
The five-headed hydra bites you.
The five-headed hydra closely misses you.
The five-headed hydra bites you!
The five-headed hydra closely misses you.
The five-headed hydra bites you!
* * * LOW HITPOINT WARNING * * *
You impale the five-headed hydra!!
You kill the five-headed hydra!
Josephine points at you and mumbles some strange words.
The ghostly flame explodes!
The ghostly fireball engulfs the wraith.
The wraith completely resists.
The ghostly fireball engulfs Josephine.
Josephine completely resists.
The ghostly fireball engulfs you!!
You feel drained.
You die...
Your body crumbles into a pile of gold.

#.#........##.......#
#'###########.......#
#.......#.. #########
#..#.#..#.# ####
#.##.##.#.#....#
#...∩...#'#....#
#.##.##.#@'....+
#..#.#..#W#....#
#.......'@# ...#
########### ###


You could see Josephine (strong) and a wraith.

Vanquished Creatures
  A hydra (D)
  Grinder (D)
  A water moccasin (D)
  A floating eye (D)
  A sky beast (D)
  A bullfrog (D)
  A scorpion (D)
  A killer bee (D)
  A crimson imp (D)
  A jelly (D)
  An iron imp (D)
  Jessica (D)
  A white imp (D)
  An ufetubus (D)
  An adder skeleton (D)
  An orc (D)
  An endoplasm (D)
  4 jackals (D)
  A ball python (D)
  2 frilled lizards (D)
24 creatures vanquished.

Notes
Turn   | Place    | Note
-------+----------+-------------------------------------------
     0 | D        | Darkkill the Human Monk began the quest for the Orb.
     0 | D        | Reached XP level 1. HP: 18/18 MP: 1/1
    11 | D        | Noticed a floating eye
    12 | D        | Paralysed by a floating eye for 3 turns
    19 | D        | Killed a floating eye
    20 | D        | Reached XP level 2. HP: 28/28 MP: 2/2
    20 | D        | Reached XP level 3. HP: 34/34 MP: 3/3
    20 | D        | Reached XP level 4. HP: 40/40 MP: 4/4
    20 | D        | Reached XP level 5. HP: 46/46 MP: 5/5
    24 | D        | Found a bloodstained altar of Trog.
    24 | D        | Found a shimmering blue altar of Sif Muna.
    24 | D        | Found a viscous altar of Jiyva.
    24 | D        | Found a hazy altar of Hepliaklqana.
    24 | D        | Found an opulent altar of Gozag.
    25 | D        | Found a glowing golden altar of the Shining One.
    25 | D        | Found a glowing silver altar of Zin.
    25 | D        | Found a basalt altar of Yredelemnul.
    25 | D        | Found a shimmering altar of Xom.
    25 | D        | Found an ornate altar of the Wu Jian Council.
    25 | D        | Found a sacrificial altar of Ru.
    25 | D        | Found a stormy altar of Qazlal.
    25 | D        | Found an iron altar of Okawaru.
    25 | D        | Found a sparkling altar of Nemelex Xobeh.
    25 | D        | Found a burning altar of Makhleb.
    25 | D        | Found a blossoming altar of Fedhas.
    25 | D        | Found a white marble altar of Elyvilon.
    25 | D        | Found a shadowy altar of Dithmenos.
    25 | D        | Found a snail-covered altar of Cheibriados.
    27 | D        | Found a radiant altar of Vehumet.
    27 | D        | Found a corrupted altar of Lugonu.
    29 | D        | Found an ancient bone altar of Kikubaaqudgha.
    29 | D        | Found a hide-covered altar of Uskayaw.
    29 | D        | Found a broken altar of Ashenzari.
    32 | D        | Became a worshipper of Gozag Ym Sagoz the Greedy
   159 | D        | Noticed Grinder
   172 | D        | Killed Grinder
   173 | D        | Reached XP level 6. HP: 49/57 MP: 6/6
   173 | D        | Reached XP level 7. HP: 54/63 MP: 7/7
   345 | D        | Noticed Jessica
   356 | D        | Killed Jessica
   600 | D        | Noticed a water moccasin
   606 | D        | Reached skill level 10 in Dodging
   613 | D        | Killed a water moccasin
   614 | D        | Reached skill level 10 in Fighting
   614 | D        | Reached skill level 10 in Long Blades
   614 | D        | Reached XP level 8. HP: 72/72 MP: 8/8
   629 | D        | Bought a glowing lajatang for 486 gold pieces
   639 | D        | Noticed Josephine
   639 | D        | Noticed a wraith
   639 | D        | Noticed a wraith
   639 | D        | Noticed a wraith
   639 | D        | Noticed a five-headed hydra
   649 | D        | Killed a five-headed hydra
   649 | D        | Killed from afar by Josephine

Illustrated notes

Levels and vault maps discovered:
D:        pitsprint [storerooms_1, entrance_room_1, metal_vault_3, armoury_3,
          mini_pit_1, grid_room_1, main_hall_1, silver_pit, the_coven_2,
          the_vestibule_1, steel_vault_2, golden_pit, hallway_of_sentries,
          crystal_vault_3, iron_vault_4, final_vault]

Skill      XL: |  1  2  3  4  5  6  7 |
---------------+----------------------+-----
Fighting       | 6 8 10 | 10.2
Long Blades    | 6 8 10 | 10.2
Dodging        | 6 8 10 | 10.3

Action                     |  1- 3 |  4- 6 |  7- 9 || total
---------------------------+-------+-------+-------++-------
  Melee: Falchion          |     5 |       |       ||     5
         Trident           |       |    29 |    35 ||    64
 Invoke: Call Merchant     |       |       |     1 ||     1
    Use: Potion            |       |     1 |     1 ||     2
   Stab: Distracted        |       |       |     1 ||     1
 Armour: Robe              |       |     5 |       ||     5
         Scale mail        |       |       |    27 ||    27
  Dodge: Dodged            |       |    14 |    47 ||    61

Table legend: (Time is in decaauts)
 A = Elapsed time spent in this place.
 B = Non-inter-level travel time spent in this place.
 C = Inter-level travel time spent in this place.
 D = Time resting spent in this place.
 E = Time spent auto-exploring this place.
 F = Levels seen in this place.
 G = Mean time per level.
                   A        B        C        D        E       F      G
               +--------+--------+--------+--------+--------+-----+--------+
         Total |    697 |    697 |      0 |    311 |      0 |   1 |  697.0 |
       Dungeon |    697 |    697 |      0 |    311 |      0 |   1 |  697.0 |
               +--------+--------+--------+--------+--------+-----+--------+

Top non-repeatable levels by time:
       D: 697 daAuts

Levels and vault maps discovered:
D:        pitsprint [storerooms_1, entrance_room_1, metal_vault_3, armoury_3,
          mini_pit_1, grid_room_1, main_hall_1, silver_pit, the_coven_2,
          the_vestibule_1, steel_vault_2, golden_pit, hallway_of_sentries,
          crystal_vault_3, iron_vault_4, final_vault]

Table legend: (Time is in decaauts)
 A = Elapsed time spent in this place.
 B = Non-inter-level travel time spent in this place.
 C = Inter-level travel time spent in this place.
 D = Time resting spent in this place.
 E = Time spent auto-exploring this place.
 F = Levels seen in this place.
 G = Mean time per level.
                   A        B        C        D        E       F      G
               +--------+--------+--------+--------+--------+-----+--------+
         Total |    697 |    697 |      0 |    311 |      0 |   1 |  697.0 |
       Dungeon |    697 |    697 |      0 |    311 |      0 |   1 |  697.0 |
               +--------+--------+--------+--------+--------+-----+--------+

Top non-repeatable levels by time:
       D: 697 daAuts

Table legend:
 A = Kills in this place as a percentage of kills in the entire game.
 B = Kills by you in this place as a percentage of kills by you in the entire game.
 C = Kills by friends in this place as a percentage of kills by friends in the entire game.
 D = Other kills in this place as a percentage of other kills in the entire game.
 E = Experience gained in this place as a percentage of experience gained in the entire game.
 F = Experience gained in this place divided by the number of levels of this place that you have seen.
                   A       B       C       D       E      F
               +-------+-------+-------+-------+-------+----------------------
         Total | 100.0 | 100.0 |   N/A |   N/A | 100.0 | 2036.0
       Dungeon | 100.0 | 100.0 |   N/A |   N/A | 100.0 | 2036.0
               +-------+-------+-------+-------+-------+----------------------
